 Dungeon Crawl Stone Soup version 0.17-a0-986-gf45d1aa (webtiles) character file.

147 oplop the Firebug (level 5, -4/30 HPs)
             Began as a Tengu Fire Elementalist on May 11, 2015.
             Killed from afar by an orc wizard (7 damage)
             ... with a magic dart
             ... on level 3 of the Dungeon.
             The game lasted 00:03:17 (1993 turns).

oplop the Firebug (Tengu Fire Elementalist)         Turns: 1993, Time: 00:03:18

Health: -4/30      AC:  3    Str:  8    XL:     5   Next: 29%
Magic:  2/10       EV: 12    Int: 16    God:
Gold:   169        SH:  0    Dex: 15    Spells: 3 memorised, 2 levels left

rFire  . . .     SeeInvis .     d - +0 short sword (freeze)
rCold  . . .     Clarity  .     a - +0 robe
rNeg   . . .     SustAb   .     (no shield)
rPois  .         Gourm    .     (helmet restricted)
rElec  .         Spirit   .     k - +0 cloak
rCorr  .         Warding  .     (no gloves)
rMut   .         Stasis   .     (boots unavailable)
MR     .....                    (no amulet)
Stlth  ++........               (no ring)
                                (no ring)

@: not resistant to hostile enchantments, unstealthy
A: beak, talons 3, able to fly 1
a: Fly


You were on level 3 of the Dungeon.
You were not hungry.

You visited 1 branch of the dungeon, and saw 3 of its levels.

You collected 169 gold pieces.

Inventory:

Hand weapons
 d - a +0 short sword of freezing (weapon)
Armour
 a - a +0 robe (worn)
 k - a +0 cloak (worn)
Jewellery
 e - an uncursed amulet of regeneration {unknown}
 v - a cursed -3 ring of dexterity {unknown}
 w - an uncursed ring of protection from magic {unknown}
Scrolls
 g - 3 scrolls of remove curse {unknown}
 j - a scroll of enchant weapon {unknown}
 l - 4 scrolls of identify {unknown}
 m - 2 scrolls of teleportation {unknown}
 p - a scroll of fog {unknown}
 r - a scroll of random uselessness {unknown}
 s - a scroll of amnesia {unknown}
 t - a scroll of magic mapping {unknown}
 u - 2 scrolls of enchant armour {unknown}
Potions
 h - a potion of lignification {unknown}
 i - a potion of beneficial mutation {unknown}
 n - a potion of might
 o - a potion of flight {unknown}
 q - 2 potions of agility {unknown}
Books
 b - a book of Flames

   Spells                             Type                      Level
   a - Flame Tongue                   Conjuration/Fire             1
   b - Throw Flame                    Conjuration/Fire             2
   c - Conjure Flame                  Conjuration/Fire             3
   d - Inner Flame                    Hexes/Fire                   3
   e - Sticky Flame                   Conjuration/Fire             4
   f - Fireball                       Conjuration/Fire             5
Comestibles
 c - 3 bread rations
 f - 2 meat rations


   Skills:
 + Level 2.2 Fighting
 - Level 2.1 Dodging
 - Level 2.0 Stealth
 + Level 2.9 Spellcasting
 + Level 3.4 Conjurations
 + Level 4.2 Fire Magic


You had 2 spell levels left.
You knew the following spells:

 Your Spells              Type           Power        Failure   Level  Hunger
a - Flame Tongue          Conj/Fire      ##...        4%          1    #......
b - Conjure Flame         Conj/Fire      ##......     12%         3    ###....
c - Inner Flame           Hex/Fire       #.......     28%         3    ###....


Dungeon Overview and Level Annotations

Branches:
Dungeon (3/15)

Altars:
Cheibriados
Ru


Innate Abilities, Weirdness & Mutations

You have a beak for a mouth.
You have claws for feet.
You can fly.


Message History

The flame tongue hits the orc wizard.
The orc wizard is almost dead.
The orc wizard gestures wildly while chanting.
The orc wizard flickers and vanishes!
Deactivating autopickup; reactivate with Ctrl-A.
The orc hits you with a flail!
* * * LOW HITPOINT WARNING * * *
Something hits you.
* * * LOW HITPOINT WARNING * * *
The kobold throws a stone.
The stone completely misses you.
Casting: Flame Tongue
Confirm with . or Enter, or press ? or * to list all spells.
Aiming: Flame Tongue
Press: ? - help, Shift-Dir - straight line The flame tongue hits the kobold.
You kill the kobold!
You hear some strange, mumbled words.
A magic dart appears from out of thin air!
The magic dart hits you!
You die...

#..###.# ###.##. #..#
#.### ##..(....#.
######...#####..........
##...###....!.).........
#.....#######...........
#.....# ##...........
).....# #......$.....
#...[.# ####.....)......
#.....###....#(.@{).....
##...##...#..##..o..$...
.#####...##.####.....##.
.........##.# ###.###
.........##.# .#
....#.....#.# .#
....##...##.# #
....##)..##.#
....##(..##.#


You could see an orc.

Vanquished Creatures
  An orc priest (D:3)
  A jelly (D:3)
  4 adders
  A worm (D:2)
  An orc (D:3)
  8 bats
  4 goblins
  6 hobgoblins
  8 jackals
  5 kobolds
  A quokka (D:3)
  2 ball pythons
  2 giant cockroaches (D:3)
  3 giant newts
  6 rats
53 creatures vanquished.

Notes
Turn   | Place    | Note
--------------------------------------------------------------
     0 | D:1      | oplop the Tengu Fire Elementalist began the quest for the Orb.
     0 | D:1      | Reached XP level 1. HP: 10/10 MP: 4/4
   256 | D:1      | Reached XP level 2. HP: 13/15 MP: 6/6
   607 | D:2      | Found a sacrificial altar of Ru.
   714 | D:2      | Reached XP level 3. HP: 20/20 MP: 2/7
   754 | D:2      | Reached skill level 1 in Fighting
   822 | D:2      | Found a snail-covered altar of Cheibriados.
   826 | D:2      | Reached skill level 4 in Fire Magic
  1356 | D:3      | Reached XP level 4. HP: 25/25 MP: 4/8
  1369 | D:3      | Learned a level 3 spell: Conjure Flame
  1373 | D:3      | Learned a level 3 spell: Inner Flame
  1494 | D:3      | HP: 1/26 [jackal (3)]
  1837 | D:3      | Gained mutation: You can fly. [Tengu growth]
  1837 | D:3      | Reached XP level 5. HP: 15/30 MP: 5/10
  1993 | D:3      | Killed from afar by an orc wizard

Vault maps used:
D:1:      lightli_arrival_statuegarden
D:2:      cheibriados_altar_1, hangedman_ru_absence
D:3:      minmay_goblin_kobold_house

Action                   |  1- 3 |  4- 6 || total
-------------------------+-------+-------++-------
Melee: Short sword       |    41 |    22 ||    63
 Cast: Flame Tongue      |    26 |    31 ||    57
  Use: Potion            |     2 |     1 ||     3
       Scroll            |       |     1 ||     1
 Stab: Sleeping          |     1 |       ||     1
  Eat: Royal jelly       |     1 |       ||     1
       Chunk             |     1 |       ||     1
       Fruit             |       |     1 ||     1
